 Dungeon Crawl Stone Soup version 0.23-a0-767-gdc19b93d68 (webtiles) character file.

18585 Maize the Severer (level 12, -1/113 HPs)
             Began as a Minotaur Berserker on Jan 29, 2019.
             Was the Champion of Trog.
             Shot with an arrow by Nessos (2 damage)
             ... on level 12 of the Dungeon.
             The game lasted 00:24:45 (11909 turns).

Maize the Severer (Minotaur Berserker)             Turns: 11909, Time: 00:24:47

Health: -1/113     AC: 20    Str: 27    XL:     12   Next: 29%
Magic:  11/11      EV:  9    Int:  4    God:    Trog [******]
Gold:   636        SH:  0    Dex: 10    Spells: 11/11 levels left

rFire    . . .     SeeInvis .   D - +4 executioner's axe (drain)
rCold    . . .     Gourm    .   (shield currently unavailable)
rNeg     . . .     Faith    +   w - +0 plate armour
rPois    .         Spirit   .   (helmet restricted)
rElec    .         Reflect  .   o - scarf {cloud immunity}
rCorr    +         Harm     .   B - +0 pair of gloves
MR       .....                  I - +2 pair of boots {Stlth+}
Stlth    ..........             h - amulet of faith
HPRegen  0.28/turn              a - ring of wizardry
MPRegen  0.12/turn              k - ring of resist corrosion

@: lethally poisoned (-1 -> -65)
A: retaliatory headbutt, horns 2
a: Berserk, Trog's Hand, Brothers in Arms, Renounce Religion


You were on level 12 of the Dungeon.
You worshipped Trog.
Trog was exalted by your worship.
You were not hungry.

You visited 1 branch of the dungeon, and saw 12 of its levels.

You collected 636 gold pieces.

Inventory:

Hand Weapons
 D - a +4 executioner's axe of draining (weapon)
 L - a +3 antimagic broad axe
Missiles
 H - 8 tomahawks of returning (quivered)
Armour
 o - a scarf of cloud immunity (worn)
 w - a +0 plate armour (worn)
 B - a +0 pair of gloves (worn)
 I - a +2 pair of boots of stealth (worn)
Jewellery
 a - a ring of wizardry (left hand)
 h - an amulet of faith (around neck)
 k - a ring of resist corrosion (right hand)
Wands
 t - a wand of iceblast (4)
 v - a wand of random effects (11)
 x - a wand of scattershot (4)
 C - a wand of digging (6)
Scrolls
 e - 2 scrolls of random uselessness
 f - 6 scrolls of teleportation
 g - 5 scrolls of enchant armour
 m - a scroll of vulnerability
 p - 2 scrolls of immolation
 r - 5 scrolls of remove curse
 y - 4 scrolls of enchant weapon
 A - 2 scrolls of fear
 F - 4 scrolls of fog
 K - a scroll of silence {unknown}
Potions
 b - a potion of invisibility
 d - 4 potions of heal wounds
 i - a potion of berserk rage
 j - a potion of mutation {unknown}
 l - 3 potions of magic
 n - a potion of ambrosia
 q - 2 potions of might
 u - 5 potions of curing
 z - 3 potions of brilliance
 E - a potion of lignification {unknown}
 G - a potion of haste {unknown}
 M - a potion of agility {unknown}
Comestibles
 c - 20 rations
 s - 2 chunks of flesh


   Skills:
 + Level 12.4 Fighting
 * Level 16.5 Axes
 + Level 12.2 Armour
 - Level 2.4 Dodging


You had 11 spell levels left.
You didn't know any spells.
Your spell library was empty.

Dungeon Overview and Level Annotations

Branches:
Dungeon (12/15)            Temple (0/1) D:7            Lair (0/6) D:11
    Orc (0/2) D:11

Altars:
Fedhas
Gozag
Makhleb
Qazlal
Zin

Shops:
D:7 }   D:8 (}

Annotations:
D:12 Nessos


Innate Abilities, Weirdness & Mutations

You reflexively headbutt those who attack you in melee.
You have a pair of horns on your head.


Message History

You feel very sick.
Nessos blinks!
You feel very sick.
Nessos shoots an arrow.
The arrow hits you! The arrow burns you.
You are more poisoned.
* * * LOW HITPOINT WARNING * * *
Nessos shoots an arrow.
The arrow hits you!!
* * * LOW HITPOINT WARNING * * *
The arrow burns you!
You are more poisoned.
* * * LOW HITPOINT WARNING * * *
You see here 2 arrows.
As you read the scroll of fog, it crumbles to dust.
The scroll dissolves into smoke.
* * * LOW HITPOINT WARNING * * *
You feel very sick.
Nessos shoots an arrow.
The arrow hits you!
* * * LOW HITPOINT WARNING * * *
The arrow burns you.
You die...

...#..<..)+)......≈
...#......#)....≈.≈
#.#......#.......≈ #...
#.#......#......≈≈
#....#.#.....##......≈≈
#.c..#.#####'######..≈≈
#....#........# ..≈.
#.......§§§.#.# ≈≈.
#.......§@§.#.#
#......§§§§.#.#+
.#....(.§.......
#.#...(((........
#..............#..
#....<............
#.................
##################


You could see Nessos.

Vanquished Creatures
  2 hydras (D:10)
  A death knight (D:8)
  3 two-headed ogres
  Nergalle (D:10)
  Pikel (D:7)
  3 ugly things
  2 cyclopes (D:10)
  A gargoyle (D:12)
  A troll (D:11)
  A polar bear (D:12)
  A hornet (D:11)
  3 hippogriffs
  A centaur simulacrum (D:12)
  A wyvern (D:9)
  A wraith (D:11)
  A yak (shapeshifter) (D:10)
  5 yaks (D:11)
  A hungry ghost (D:11)
  2 steam dragons (D:11)
  3 vampire mosquitoes (D:12)
  A water moccasin (D:9)
  2 porcupines (D:11)
  5 orc warriors
  2 ice beasts
  5 sky beasts
  An eye of draining (D:10)
  3 black bears
  A phantom (D:11)
  17 ogres
  2 wolves (D:12)
  4 centaurs
  2 crocodiles (D:11)
  10 bullfrogs
  2 scorpions
  2 troll zombies (D:11)
  17 killer bees
  2 wights (D:10)
  3 howler monkeys
  5 crimson imps
  9 orc priests
  2 bullfrog zombies
  8 hounds
  5 jellies
  3 centaur skeletons
  Crazy Yiuf (D:3)
  Jessica (D:3)
  4 iguanas
  Ijyb (D:3)
  13 orc wizards
  12 worker ants
  6 ogre zombies (D:11)
  2 hound skeletons
  A hound zombie (D:7)
  2 worker ant zombies
  5 gnolls
  17 adders
  A shadow imp (D:5)
  A white imp (D:12)
  2 oozes
  An adder zombie (D:8)
  An adder skeleton (D:4)
  2 worms
  2 dart slugs
  5 leopard geckos
  37 orcs
  A ball python (D:1)
  6 giant cockroaches
  7 hobgoblins
  6 jackals
  9 kobolds
  6 quokkas
  9 bats
  3 frilled lizards
  7 goblins
  3 goblin skeletons (D:11)
  A goblin zombie (D:11)
  2 hobgoblin skeletons (D:11)
  2 hobgoblin zombies (D:11)
  6 orc skeletons (D:11)
  11 orc zombies (D:11)
  A quokka zombie (D:10)
  4 rats
349 creatures vanquished.

Vanquished Creatures (others)
  A hound (D:7)
  7 fungi (D:11)
  3 plants (D:11)
11 creatures vanquished.

Grand Total: 360 creatures vanquished

Notes
Turn   | Place    | Note
-------+----------+-------------------------------------------
     0 | D:1      | Maize the Minotaur Berserker began the quest for the Orb.
     0 | D:1      | Reached XP level 1. HP: 19/19 MP: 0/0
   301 | D:1      | Reached XP level 2. HP: 24/27 MP: 1/1
   414 | D:1      | Reached skill level 4 in Axes
   739 | D:2      | Reached XP level 3. HP: 21/33 MP: 2/2
   741 | D:2      | Reached ** piety under Trog
  1609 | D:3      | Reached XP level 4. HP: 40/40 MP: 3/3
  1683 | D:3      | Noticed Ijyb
  1698 | D:3      | Killed Ijyb
  1698 | D:3      | Reached skill level 5 in Axes
  1752 | D:3      | Noticed Jessica
  1756 | D:3      | Killed Jessica
  1878 | D:3      | Reached XP level 5. HP: 47/47 MP: 4/4
  2094 | D:3      | Found a faded altar of an unknown god.
  2368 | D:3      | Found a runed door.
  2372 | D:3      | Noticed Crazy Yiuf
  2381 | D:3      | Killed Crazy Yiuf
  2860 | D:4      | Reached *** piety under Trog
  2989 | D:4      | Reached skill level 5 in Fighting
  2989 | D:4      | Reached skill level 6 in Axes
  3034 | D:4      | Reached XP level 6. HP: 44/56 MP: 5/5
  3195 | D:4      | Reached skill level 7 in Axes
  3195 | D:4      | Reached skill level 5 in Armour
  3195 | D:4      | Reached XP level 7. HP: 33/62 MP: 6/6
  3515 | D:4      | Found a glowing silver altar of Zin.
  3779 | D:5      | Entered Level 5 of the Dungeon
  3897 | D:5      | Reached skill level 8 in Axes
  4444 | D:6      | Reached XP level 8. HP: 39/71 MP: 7/7
  4634 | D:6      | Reached **** piety under Trog
  4728 | D:6      | Reached skill level 9 in Axes
  5069 | D:6      | Reached skill level 10 in Axes
  5717 | D:7      | Reached XP level 9. HP: 81/81 MP: 8/8
  5796 | D:7      | Found a staircase to the Ecumenical Temple.
  6013 | D:7      | Found Poaruu's Gadget Emporium.
  6077 | D:7      | Reached ***** piety under Trog
  6077 | D:7      | Reached skill level 11 in Axes
  6453 | D:7      | Noticed Pikel
  6492 | D:7      | Killed Pikel
  6834 | D:8      | Noticed a two-headed ogre
  6844 | D:8      | Killed a two-headed ogre
  6844 | D:8      | Reached skill level 12 in Axes
  6977 | D:8      | Reached XP level 10. HP: 76/91 MP: 9/9
  7100 | D:8      | Received a gift from Trog
  7142 | D:8      | Found Narop's Antique Weapon Shoppe.
  7158 | D:8      | Found Lotynoy's Gadget Emporium.
  7313 | D:8      | Found a burning altar of Makhleb.
  7434 | D:8      | Noticed a two-headed ogre
  7445 | D:8      | Killed a two-headed ogre
  7445 | D:8      | Reached skill level 10 in Fighting
  7445 | D:8      | Reached skill level 13 in Axes
  7723 | D:8      | Noticed a death knight
  7752 | D:8      | Killed a death knight
  8274 | D:8      | Reached skill level 10 in Armour
  8406 | D:9      | Found a blossoming altar of Fedhas.
  8406 | D:9      | Found a stormy altar of Qazlal.
  8596 | D:9      | Found an opulent altar of Gozag.
  8608 | D:9      | Reached skill level 14 in Axes
  8820 | D:10     | Entered Level 10 of the Dungeon
  8830 | D:10     | Received a gift from Trog
  8857 | D:10     | Noticed Nergalle
  8868 | D:10     | Killed Nergalle
  8868 | D:10     | Reached XP level 11. HP: 93/101 MP: 10/10
  8938 | D:10     | Found a stormy altar of Qazlal.
  9179 | D:10     | Noticed a purple ugly thing
  9187 | D:10     | Killed a purple ugly thing
  9209 | D:10     | Noticed a four-headed hydra
  9223 | D:10     | Killed a four-headed hydra
  9288 | D:10     | Noticed a four-headed hydra
  9297 | D:10     | Killed a six-headed hydra
  9614 | D:10     | Reached skill level 15 in Axes
  9615 | D:10     | Paralysed by a hornet for 1 turns
 10137 | D:10     | Found a stormy altar of Qazlal.
 10523 | D:11     | Found a staircase to the Orcish Mines.
 10543 | D:11     | Reached ****** piety under Trog
 10556 | D:11     | Paralysed by a hornet for 1 turns
 10685 | D:11     | Noticed a two-headed ogre
 10689 | D:11     | Killed a two-headed ogre
 10706 | D:11     | Noticed a green ugly thing
 10711 | D:11     | Killed a green ugly thing
 10826 | D:11     | Received a gift from Trog
 10964 | D:11     | Noticed a brown ugly thing
 10979 | D:11     | Killed a brown ugly thing
 10979 | D:11     | Reached XP level 12. HP: 77/112 MP: 3/11
 11251 | D:11     | Reached skill level 16 in Axes
 11311 | D:11     | Found a staircase to the Lair.
 11902 | D:12     | Noticed Nessos
 11909 | D:12     | HP: 1/113 [Nessos/arrow (14)]
 11909 | D:12     | Shot with an arrow by Nessos

Vault maps used:
D:1:      tarquinn_simple_flora_water_c
D:2:      minmay_chambers_of_ones, minmay_misc_feat_plants
D:3:      first_ration, chequers_ecumenical_altar_grove, roderic_lattice_a,
          uniq_ijyb, uniq_jessica, uniq_crazy_yiuf_cottage
D:4:      lemuel_round_altar
D:6:      minmay_manual_mandibuliform
D:7:      minmay_temple_entry_slanted, serial_shops, shop, uniq_pikel
D:8:      minmay_four_partial_circles, kennysheep_mini_moat, serial_shops,
          shop_statue, nicolae_shop_stone, grunt_pizzeria,
          kennysheep_generic_room_5
D:9:      grunt_temple_overflow_forces_of_nature, basic_altar
D:10:     minmay_the_grid_octo_triangle, nicolae_qazlal_general_emergency,
          uniq_nergalle
D:11:     due_lair_maze_entry_diamond, zombieorc2_lemuel,
          kennysheep_small_square
D:12:     serial_ice, serial_ice_k, serial_ice_a, serial_ice_c, serial_ice_o,
          serial_ice_n, serial_ice_d, serial_shops, nicolae_shop_statue_plus,
          uniq_nessos

Skill      XL: |  1  2  3  4  5  6  7  8  9 10 11 12 |
---------------+-------------------------------------+-----
Axes           | 4 5 6 7 8 10 12 14 15 16 | 16.5
Fighting       | 4 5 6 7 9 10 12 | 12.4
Armour         | 3 4 5 6 7 9 10 11 12 | 12.2
Dodging        | |  2.4

Action                   |  1- 3 |  4- 6 |  7- 9 | 10-12 || total
-------------------------+-------+-------+-------+-------++-------
Melee: Hand axe          |    80 |   126 |   236 |       ||   442
       Headbutt          |    16 |    18 |    56 |    68 ||   158
       War axe           |       |       |    56 |   175 ||   231
       Executioner's axe |       |       |       |   223 ||   223
       Broad axe         |       |       |       |    27 ||    27
Invok: Berserk           |     1 |       |     4 |     6 ||    11
Evoke: Wand              |       |       |       |     3 ||     3
  Use: Scroll            |       |     8 |     8 |     8 ||    24
  Eat: Chunk             |     3 |     5 |    12 |    16 ||    36
       Ration            |       |       |     1 |     2 ||     3
Armor: Animal skin       |     3 |       |       |       ||     3
       Scale mail        |    30 |    36 |    89 |       ||   155
       Plate armour      |       |       |    35 |   323 ||   358
Dodge: Dodged            |    46 |    56 |   123 |   197 ||   422

Table legend:
 A = Non-vault XP
 B = Vault XP
 C = Vault XP percentage of total XP
 D = Non-vault monster count
 E = Vault monster count
 F = Vault count percentage of total count
                 A         B        C        D         E       F
            +---------+---------+-------+---------+---------+-------
      Total |   15925 |   10626 |  40.0 |     253 |      96 |  27.5
            +---------+---------+-------+---------+---------+-------
        D:1 |      25 |       0 |   0.0 |      17 |       0 |   0.0
        D:2 |      62 |       9 |  12.7 |      14 |       5 |  26.3
        D:3 |      48 |     113 |  70.2 |      16 |       3 |  15.8
        D:4 |     812 |       0 |   0.0 |      19 |       0 |   0.0
        D:5 |     317 |       0 |   0.0 |      10 |       0 |   0.0
        D:6 |    1117 |     241 |  17.7 |      21 |       3 |  12.5
        D:7 |     926 |     617 |  40.0 |      25 |       1 |   3.8
        D:8 |    2215 |    2488 |  52.9 |      33 |      17 |  34.0
        D:9 |    1438 |       0 |   0.0 |      18 |       0 |   0.0
       D:10 |    1894 |    3934 |  67.5 |      21 |      12 |  36.4
       D:11 |    5617 |    2349 |  29.5 |      44 |      49 |  52.7
       D:12 |    1454 |     875 |  37.6 |      15 |       6 |  28.6
            +---------+---------+-------+---------+---------+-------
